AoeStats
← LWV | ChrisJedai

Black Forest

510348745Analyzed
3v3 RM · 1d ago on Sep 30, 2026· 39m 33s· 6 players
Game mode
Random Map
Map size
Normal (6 player)
Population
200
Speed
Normal
Resources
Standard
Victory
Conquest
Starting age
Dark Age
Ending age
Imperial Age
RankedLock teamsTeams togetherTeam positionsShared explorationLock speedFull tech treeHidden civsTurbo modeCheats
Victory
Defeat
🇨🇱 Hindustanis · Chile
1187
+15
🇨🇱 Saracens · Chile
1168
+16
🇨🇱 Cumans · Chile
1126
+18
🇭🇰 Spanish · Hong Kong SAR China
1173
-17
🇭🇰 Turks · Hong Kong SAR China
1159
-16
🇭🇰 Hindustanis · Hong Kong SAR China
1159
-16
LWV | planb
7:55 Loom
10:10 Feudal Age
10:53 Double-Bit Axe
12:15 Fishing Lines
12:50 Town Watch
16:11 Fletching
18:34 Wheelbarrow
24:05 Castle Age
22:31 Gold Mining
22:23 Horse Collar
23:14 Padded Archer Armor
24:08 Crossbowman
24:44 Bodkin Arrow
25:03 Bow Saw
26:25 Hand Cart
27:17 Leather Archer Armor
28:28 Ballistics
28:46 Town Patrol
29:03 Stone Mining
29:29 Thumb Ring
32:25 Masonry
36:16 Imperial Age
36:23 Arbalester
36:44 Capped Ram
37:26 Bracer
39:44 Chemistry
40:40 Two-Man Saw
40:38 Ring Archer Armor
LWV | AndresO11
0:58 Loom
10:32 Feudal Age
11:31 Double-Bit Axe
11:57 Horse Collar
20:37 Forging
23:33 Castle Age
24:39 Husbandry
24:50 Bloodlines
25:13 Bow Saw
26:52 Iron Casting
26:24 Scale Barding Armor
29:21 Wheelbarrow
29:18 Town Watch
32:13 Chain Barding Armor
37:09 Imperial Age
37:13 Hand Cart
37:02 Scale Mail Armor
39:26 Chemistry
39:00 Conscription
38:42 Grand Trunk Road
38:08 Heavy Camel Rider
LWV | ChrisJedai
5:22 Loom
11:38 Feudal Age
13:25 Double-Bit Axe
13:24 Horse Collar
18:14 Gold Mining
19:41 Wheelbarrow
24:56 Castle Age
24:18 Town Watch
26:04 Forging
26:01 Scale Barding Armor
27:36 Bow Saw
28:33 Bloodlines
29:50 Ballistics
31:09 Thumb Ring
31:52 Hand Cart
31:49 Capped Ram
32:25 Fletching
32:35 Padded Archer Armor
33:30 Heavy Plow
34:19 Steppe Husbandry
36:12 Stone Mining
36:58 Gold Shaft Mining
39:19 Imperial Age
38:49 Bodkin Arrow
39:10 Leather Archer Armor
onioncwc
1:58 Loom
12:41 Feudal Age
17:22 Castle Age
22:59 Double-Bit Axe
29:24 Imperial Age
27:53 Bow Saw
28:09 Horse Collar
28:26 Gold Mining
StarShooter
10:03 Feudal Age
11:44 Loom
15:06 Castle Age
13:36 Double-Bit Axe
18:58 Fletching
19:04 Gold Mining
32:24 Bow Saw
32:43 Bloodlines
34:21 Wheelbarrow
33:57 Husbandry
FlameX
0:57 Loom
12:28 Feudal Age
18:31 Castle Age
16:49 Double-Bit Axe
16:54 Horse Collar
25:33 Wheelbarrow
27:22 Heavy Plow
33:36 Imperial Age
31:18 Scale Barding Armor
31:24 Forging
31:10 Fletching
31:21 Padded Archer Armor
32:28 Bow Saw
32:52 Hand Cart
32:37 Bodkin Arrow
32:58 Leather Archer Armor
33:23 Ballistics
33:20 Thumb Ring
33:24 Scale Barding Armor
33:18 Fishing Lines
34:05 Bloodlines
33:59 Husbandry
33:21 Light Cavalry
35:41 Chemistry
34:40 Gold Mining
34:40 Stone Mining
34:54 Bracer
35:25 Ring Archer Armor
Connection lost

Rejoining the realm…

Still unreachable

The connection could not be restored.

Session expired

The server has moved on; the page needs a fresh start.